Map: Dusk Towers

Players

State - Winner!

  • Race: Protoss Protoss
  • League: Grandmaster

Rookie

  • Race: Terran Terran
  • League: Grandmaster

VOD

Have the link to the VOD?

Description

Time

  • Played on: Dec. 28, 2015, 3:26 a.m.
  • Length: 11:01
Show
View Real Time Build Order
Export as new Build Order

State Protoss - Winner!

Build Orders: 1 Gate Expand, Dark Templar Rush 

Get SALT Encoding   

  12  0:01  Probe (Chrono Boost)  
  13  0:12  Probe (Chrono Boost)  
  14  0:19  Pylon  
  14  0:22  Probe (Chrono Boost)  
  15  0:38  Probe (Chrono Boost), Gateway  
  15  0:41  Assimilator  
  16  0:48  Probe (Chrono Boost)  
  17  0:59  Probe (Chrono Boost)  
  18  1:09  Probe (Chrono Boost)  
  19  1:19  Nexus  
  19  1:21  Probe (Chrono Boost)  
  20  1:31  Cybernetics Core  
  20  1:34  Probe (Chrono Boost)  
  20  1:38  Assimilator  
  21  1:45  Probe (Chrono Boost)  
  22  1:49  Pylon  
  22  2:01  Probe (Chrono Boost)  
  22  2:08  Adept, Warp Gate  
  23  2:12  Probe (Chrono Boost)  
  26  2:17  Robotics Facility  
  26  2:23  Probe (Chrono Boost)  
  27  2:30  Pylon  
  27  2:31  Probe (Chrono Boost)  
  28  2:42  Mothership Core (Chrono Boost), Probe (Chrono Boost)  
  31  2:52  Probe (Chrono Boost)  
  31  2:54  Twilight Council  
  32  3:00  Probe (Chrono Boost)  
  32  3:02  Probe (Chrono Boost)  
  32  3:05  Warp Prism (Chrono Boost)  
  36  3:10  Probe  
  36  3:11  Probe  
  37  3:18  Gateway  
  38  3:22  Probe  
  38  3:23  Probe  
  40  3:27  Gateway  
  40  3:35  Gateway  
  40  3:37  Probe  
  41  3:44  Probe (Chrono Boost)  
  41  3:49  Probe (Chrono Boost), Dark Shrine  
  43  3:55  Probe (Chrono Boost)  
  43  4:00  Probe (Chrono Boost)  
  45  4:02  Observer  
  46  4:10  Probe (Chrono Boost)  
  46  4:12  Pylon  
  46  4:15  Stalker  
  46  4:16  Stalker  
  50  4:23  Stalker  
  52  4:26  Nexus  
  52  4:30  Zealot  
  52  4:31  Probe  
  52  4:32  Stalker  
  52  4:33  Probe  
  56  4:43  Pylon  
  56  4:47  Adept x3  
  62  4:58  Probe  
  57  5:00  Probe  
  57  5:02  Blink (Chrono Boost), Assimilator x2  
  58  5:08  Probe  
  58  5:12  Probe  
  60  5:17  Stalker x2  
  60  5:19  Stalker, Probe  
  67  5:24  Probe  
  68  5:30  Probe, Forge  
  68  5:32  Forge  
  69  5:36  Probe  
  69  5:40  Probe  
  71  5:43  Probe  
  71  5:47  Observer  
  71  5:48  Probe  
  74  5:51  Probe, Gateway  
  74  5:52  Gateway  
  74  5:54  Probe  
  74  5:58  Pylon  
  74  5:59  Dark Templar  
  74  6:00  Protoss Ground Weapons Level 1, Protoss Ground Armor Level 1  
  74  6:01  Dark Templar  
  78  6:08  Probe x2  
  80  6:19  Probe, Pylon  
  80  6:20  Probe, Pylon  
  80  6:21  Probe  
  80  6:22  Pylon  
  80  6:24  Observer (Chrono Boost)  
  84  6:31  Probe  
  85  6:33  Probe x2  
  85  6:37  Gateway x2  
  87  6:45  Observer (Chrono Boost)  
  88  6:47  Probe  
  88  6:48  Probe  
  88  6:50  Sentry, Assimilator  
  88  6:51  Zealot x3, Assimilator  
  98  6:58  Gateway  
  98  7:00  Gateway  
  98  7:03  Templar Archives  
  98  7:08  Probe x2  
  100  7:11  Immortal (Chrono Boost)  
  100  7:15  Zealot x3  
  110  7:20  Charge  
  110  7:28  Probe x2  
  110  7:32  Pylon  
  110  7:33  Pylon  
  110  7:38  Pylon  
  110  7:43  Pylon  
  110  7:46  Immortal (Chrono Boost)  
  110  7:47  Protoss Ground Armor Level 2, Protoss Ground Weapons Level 2  
  110  7:48  Psionic Storm  
  114  7:58  Adept x4  
  122  8:12  Adept x2  
  124  8:13  Adept x3  
  124  8:17  Zealot  
  124  8:18  Zealot x5  
  122  8:22  Zealot x6  
  122  8:23  Zealot x2  
  132  8:31  Immortal (Chrono Boost)  
  134  8:38  Stalker x2  
  138  8:43  Stalker  
  138  8:44  Stalker x4  
  148  9:00  Nexus  
  148  9:02  Pylon  
  148  9:04  Pylon  
  148  9:06  Pylon  
  148  9:15  Dark Templar  
  127  9:27  Probe x2  
  123  9:35  Immortal (Chrono Boost)  
  123  9:37  Zealot x2, High Templar x3  
  123  9:38  High Templar  
  139  9:39  Zealot x3  
  139  9:41  Probe  
  139  9:44  Pylon  
  139  9:45  Pylon  
  146  9:46  Pylon  
  146  9:49  Photon Cannon  
  146  9:52  Photon Cannon  
  146  10:07  Zealot  
  146  10:08  Zealot x5  
  154  10:22  Archon x2  
  128  10:32  Zealot x5  
  128  10:33  Zealot x4  
  120  10:52  Zealot x6  
  120  10:53  Zealot x3  
Show
View Real Time Build Order
Export as new Build Order

Rookie Terran 

Build Orders: Reaper Expand, MMM Bio 

Get SALT Encoding   

  12  0:00  SCV  
  13  0:12  SCV  
  14  0:17  Supply Depot  
  14  0:24  SCV  
  15  0:39  SCV  
  16  0:44  Barracks  
  16  0:46  Refinery  
  16  0:51  SCV  
  17  1:03  SCV  
  18  1:15  SCV  
  19  1:30  Orbital Command  
  19  1:31  Reaper  
  20  1:41  Command Center  
  20  1:52  Supply Depot  
  20  1:55  SCV  
  21  2:03  Barracks Reactor  
  21  2:08  SCV  
  22  2:20  SCV  
  22  2:22  Command Center  
  23  2:32  SCV  
  23  2:33  Barracks  
  24  2:39  Marine x2  
  26  2:45  SCV  
  26  2:49  Bunker  
  27  2:53  Orbital Command  
  27  2:57  SCV  
  28  3:02  Marine x2  
  30  3:09  SCV  
  31  3:14  Engineering Bay  
  31  3:19  SCV  
  32  3:21  SCV, Barracks Tech Lab  
  32  3:22  Marine x2  
  35  3:31  SCV  
  35  3:33  SCV  
  37  3:35  Orbital Command  
  37  3:40  Marine x2  
  39  3:43  Marine  
  39  3:44  Stimpack  
  39  3:46  Barracks  
  39  3:49  SCV x2  
  39  3:53  Bunker  
  41  4:00  Refinery, Marine x2  
  43  4:03  Marauder  
  43  4:07  Missile Turret  
  45  4:11  Missile Turret  
  45  4:12  Missile Turret  
  45  4:18  SCV x3  
  45  4:19  Marine x2  
  50  4:24  Marauder  
  52  4:32  Supply Depot  
  52  4:33  Barracks Tech Lab, Factory  
  52  4:38  SCV x3  
  53  4:42  Marine x2  
  57  4:47  Marauder  
  57  4:51  SCV  
  57  4:52  SCV x2  
  59  4:59  Marine x2  
  54  5:00  Marauder  
  54  5:04  SCV x3  
  61  5:08  Marine  
  61  5:09  Supply Depot x2  
  61  5:11  Refinery  
  61  5:13  Refinery  
  62  5:16  SCV x3  
  69  5:30  Factory Reactor  
  69  5:31  SCV, Starport  
  69  5:32  SCV x2  
  68  5:44  Marauder, Marine x2  
  68  5:45  Marauder  
  68  5:46  SCV x2  
  68  5:48  Supply Depot  
  76  5:54  Combat Shields  
  76  5:56  Terran Infantry Weapons Level 1  
  76  6:00  Supply Depot x2  
  76  6:03  SCV  
  77  6:09  SCV x2  
  79  6:17  Barracks, Medivac  
  79  6:18  Medivac  
  83  6:20  Barracks  
  83  6:21  Factory Reactor  
  83  6:25  SCV x3  
  86  6:30  Marauder x2  
  86  6:32  Marine x2  
  92  6:35  Missile Turret  
  92  6:40  Supply Depot x2  
  92  6:41  SCV x3  
  95  6:47  Medivac  
  95  6:48  Orbital Command, Medivac  
  99  6:55  Marauder  
  99  6:56  Missile Turret  
  101  7:01  Marine x2  
  101  7:02  Marauder  
  101  7:06  Supply Depot  
  101  7:07  Barracks Reactor, Barracks Tech Lab, Supply Depot  
  105  7:09  SCV x2  
  107  7:17  SCV  
  107  7:19  Widow Mine x2  
  107  7:20  Medivac x2  
  107  7:21  SCV  
  117  7:28  SCV  
  117  7:29  Supply Depot  
  118  7:31  Supply Depot, Missile Turret  
  118  7:34  SCV  
  118  7:35  SCV  
  120  7:39  Concussive Shells  
  120  7:40  SCV, Marauder x2  
  120  7:41  Marauder  
  127  7:44  Marine x3  
  127  7:45  Marine  
  127  7:50  Widow Mine x2  
  135  7:55  Medivac x2  
  139  8:01  Refinery  
  139  8:02  Supply Depot, Refinery  
  139  8:03  Supply Depot  
  139  8:04  Supply Depot, Marauder  
  141  8:06  Marauder x2  
  141  8:10  Marine x4  
  149  8:27  Marauder  
  151  8:28  Marine x4, Marauder x2  
  158  8:34  SCV x2  
  158  8:35  SCV  
  161  8:43  Widow Mine x2  
  161  8:44  Medivac x2  
  161  8:46  Marine x4  
  161  8:47  Terran Infantry Armor Level 1  
  173  8:49  Command Center, Engineering Bay  
  173  8:50  Armory  
  173  8:53  Supply Depot, Marauder x3  
  166  9:03  SCV x3  
  166  9:08  Marine  
  166  9:09  Marine x3  
  173  9:19  Marauder x3  
  169  9:26  Marine x2  
  169  9:27  Marine x2  
  150  9:34  Barracks  
  150  9:37  Barracks x2  
  147  9:40  Marauder x3  
  147  9:41  Widow Mine x2  
  147  9:42  Medivac x2  
  147  9:44  Ghost Academy, Marine  
  162  9:48  Supply Depot  
  162  9:57  Marine x2  
  162  9:58  Marine  
  165  10:00  Supply Depot  
  165  10:01  Marauder  
  165  10:02  Marine, Marauder x2  
  172  10:18  Missile Turret  
  162  10:26  Ghost x3, Marine  
  162  10:27  Marine x2  
  137  10:37  Marine  
  137  10:39  Barracks Tech Lab  
  137  10:40  Barracks Reactor  
  137  10:41  Barracks Tech Lab  
Tags
 
Add a new tag
Caveats
  • Supply blocks, unpowered buildings, or Contaminate may cause inaccurate times.
  • Supply counts are checked every 10 seconds.